 Dungeon Crawl Stone Soup version 0.17.1-3-g152610e (webtiles) character file.

32 juanjsm the Sneak (level 3, -4/16 HPs)
             Began as a Spriggan Enchanter on Apr 19, 2016.
             Killed from afar by Ijyb (11 damage)
             ... with a wand of frost
             ... on level 2 of the Dungeon.
             The game lasted 00:02:21 (959 turns).

juanjsm the Sneak (Spriggan Enchanter)               Turns: 959, Time: 00:02:22

Health: -4/16      AC:  3    Str:  4    XL:     3   Next: 10%
Magic:  0/8        EV: 18    Int: 16    God:
Gold:   104        SH:  0    Dex: 17    Spells: 3 memorised, 2 levels left

rFire  . . .     SeeInvis +     a - +1 dagger
rCold  . . .     Clarity  .     b - +1 robe
rNeg   . . .     SustAt   .     (shield restricted)
rPois  .         Gourm    .     (helmet restricted)
rElec  .         Spirit   .     (no cloak)
rCorr  +         Warding  .     (gloves unavailable)
rMut   .         Stasis   .     (boots unavailable)
MR     .....                    l - amulet of resist corrosion
Stlth  +++.......               (no ring)
                                (no ring)

@: very slightly contaminated, very quick, not resistant to hostile
enchantments, fairly stealthy
A: unfitting armour, see invisible, herbivore 3, speed 3, slow metabolism 2
a: no special abilities


You were on level 2 of the Dungeon.
You were not hungry.

You visited 1 branch of the dungeon, and saw 2 of its levels.

You collected 104 gold pieces.

Inventory:

Hand Weapons
 a - a +1 dagger (weapon)
Armour
 b - a +1 robe (worn)
Jewellery
 l - an amulet of resist corrosion (around neck)
Scrolls
 h - a scroll of remove curse {unknown}
 i - a scroll of random uselessness {unknown}
 j - a scroll of fog {unknown}
 k - a scroll of amnesia {unknown}
 n - a scroll of identify {unknown}
 o - a scroll of magic mapping {unknown}
Potions
 e - 3 potions of mutation {unknown}
 g - 2 potions of agility {unknown}
 m - a potion of curing {unknown}
Books
 c - a book of Maledictions

   Spells                             Type                      Level
   a - Corona                         Hexes                        1
   b - Ensorcelled Hibernation        Hexes/Ice                    2
   c - Confuse                        Hexes                        3
   d - Tukima's Dance                 Hexes                        3
   e - Dazzling Spray                 Conjuration/Hexes            3
Comestibles
 d - a bread ration
 f - 4 fruits


   Skills:
 + Level 1.1 Short Blades
 + Level 3.1 Dodging
 + Level 5.2 Stealth
 + Level 3.0 Spellcasting
 + Level 4.3 Hexes
 + Level 0.1 Ice Magic


You had 2 spell levels left.
You knew the following spells:

 Your Spells              Type           Power        Failure   Level  Hunger
a - Corona                Hex            ###....      3%          1    #......
b - Ensorcelled Hibernat  Hex/Ice        #.....       12%         2    ##.....
c - Confuse               Hex            ###.....     12%         3    ###....


Dungeon Overview and Level Annotations

Branches:
Dungeon (2/15)

Altars:

Annotations:
D:2 Ijyb


Innate Abilities, Weirdness & Mutations

You are tiny and cannot use many weapons and most armour.
You have supernaturally acute eyesight.
You are a herbivore.
You cover ground extremely quickly.
You need consume almost no food.


Message History

Casting: Confuse
Confirm with . or Enter, or press ? or * to list all spells.
You don't have enough magic to cast that spell.
Unknown command.
You hit Ijyb.
Ijyb is almost dead.
Ijyb zaps a wand.
The puff of frost misses you.
You barely miss Ijyb.
Ijyb is almost dead.
Ijyb hits you with a club.
You closely miss Ijyb.
Ijyb is almost dead.
You closely miss Ijyb.
Ijyb is almost dead.
Ijyb zaps a wand.
The puff of frost hits you!
You hit Ijyb.
Ijyb is almost dead.
Ijyb zaps a wand.
The puff of frost hits you!
Ouch! That really hurt!
You die...

#.# #. #.# #.
#.# ##.# #.#
#...###.#
#.$..##<#
...##.#
####?####.##.#
......g@.....#
####..........#
######.###.....
#... ......
#########.. #


You could see Ijyb.

Vanquished Creatures
  A gnoll (D:1)
  2 oozes (D:1)
  A giant cockroach (D:1)
  4 goblins (D:1)
  2 hobgoblins (D:1)
  A ball python (D:1)
  A giant newt (D:1)
  A kobold (D:1)
  4 rats (D:1)
17 creatures vanquished.

Notes
Turn   | Place    | Note
--------------------------------------------------------------
     0 | D:1      | juanjsm the Spriggan Enchanter began the quest for the Orb.
     0 | D:1      | Reached XP level 1. HP: 9/9 MP: 5/5
   396 | D:1      | Reached XP level 2. HP: 13/13 MP: 6/6
   400 | D:1      | Learned a level 2 spell: Ensorcelled Hibernation
   774 | D:1      | Reached skill level 5 in Stealth
   774 | D:1      | Reached XP level 3. HP: 16/16 MP: 0/8
   779 | D:1      | Learned a level 3 spell: Confuse
   945 | D:2      | Noticed Ijyb
   959 | D:2      | Killed from afar by Ijyb

Action                   || total
-------------------------++-------
Melee: Dagger            ||    34
 Cast: Corona            ||     3
       Ensorcelled Hiber ||     7
       Confuse           ||     1
 Stab: Sleeping          ||    12
